 Dungeon Crawl Stone Soup version 0.31-a0-662-g684573625c (webtiles) character file.

Game seed: 10546715365357797237

58 Revguard the Changeling (level 3, -2/42 HPs)
             Began as a Demigod Shapeshifter on Sept 1, 2023.
             Slain by Terence
             ... wielding a +2 falchion of distortion
              (5 damage)
             ... on level 3 of the Dungeon.
             The game lasted 00:02:32 (1614 turns).

Revguard the Changeling (Demigod Shapeshifter)      Turns: 1614, Time: 00:02:32

Health: -2/42      AC: 21    Str: 27    XL:     3   Next: 51%
Magic:  5/5        EV:  2    Int: 12    God:
Gold:   130        SH:  0    Dex: 17    Spells: 2/2 levels left

rFire   . .          .
                       - Unarmed
rCold   . . .        (no shield)
rNeg    . . .        a - melded +0 animal skin
rPois   +            (helmet currently unavailable)
rElec   .            (cloak currently unavailable)
rCorr   .            (gloves currently unavailable)
SInv    .            (boots currently unavailable)
Will    .....        (no amulet)
Stlth   ++           g - +6 ring of strength
HPRegen 0.27/turn    h - +6 ring of strength
MPRegen 0.09/turn

%: no passive effects
@: tree-form
A: stationary, stasis, torment immunity, boosted hp, high MP 1, forlorn, divine
attributes
a: no special abilities


You were on level 3 of the Dungeon.
You were a tree.
You visited 1 branch of the dungeon, and saw 3 of its levels.

You collected 130 gold pieces.

Inventory:

Armour
 a - a +0 animal skin (melded)
Jewellery
 g - a +6 ring of strength (left branch)
 h - a +6 ring of strength (right branch)
Talismans
 c - a beast talisman
 d - a flux talisman
Scrolls
 f - a scroll of identify
 k - 2 scrolls of teleportation
 o - a scroll of poison
Potions
 b - 2 potions of lignification
 e - a potion of brilliance
 i - a potion of mutation


   Skills:
 + Level 1.5 Fighting
 + Level 2.2 Dodging
 + Level 3.0 Unarmed Combat
 + Level 1.1 Evocations
 * Level 3.1 Shapeshifting


You had 2 spell levels left.
You didn't know any spells.
Your spell library contained the following spells:

 Spells                   Type           Power      Damage    Failure   Level
 Call Imp                 Summ           0%         N/A       45%         2
 Summon Hydra             Summ           0%         N/A       100%        7
 Polar Vortex             Ice            0%         N/A       100%        9


Dungeon Overview and Level Annotations

Branches:
Dungeon (3/15)

Annotations:
D:3 Terence


Innate Abilities, Weirdness & Mutations

You are a tree.
Your roots penetrate the ground, keeping you stationary.
You cannot be teleported.
You are immune to unholy pain and torment.
Your maximum health is greatly increased.
Your equipment is partially melded.
You have an increased reservoir of magic. (+10% MP)
You shall have no god before yourself.
Your divine heritage dramatically boosts your attributes as you level up.


Message History

You punch Terence!
Terence is heavily wounded.
Terence hits you with a +2 falchion of distortion!
Space warps around you.
* * * LOW HITPOINT WARNING * * *
You are too injured to fight recklessly!
You are too injured to fight recklessly!
You are too injured to fight recklessly!
You are too injured to fight recklessly!
You are too injured to fight recklessly!
You are too injured to fight recklessly!
You are too injured to fight recklessly!
You are too injured to fight recklessly!
You are too injured to fight recklessly!
You are too injured to fight recklessly!
You are too injured to fight recklessly!
You are too injured to fight recklessly!
You are too injured to fight recklessly!
You are too injured to fight recklessly!
You are too injured to fight recklessly!
You are too injured to fight recklessly!
You are too injured to fight recklessly!
You are too injured to fight recklessly!
You are too injured to fight recklessly!
You barely miss Terence.
Terence is heavily wounded.
Terence barely misses you.
Your transformation has ended.
You turn into a tree.
Your +0 animal skin melds into your body.
Your roots penetrate the ground.
Terence hits you with a +2 falchion of distortion!
* * * LOW HITPOINT WARNING * * *
Space warps around you.
* * * LOW HITPOINT WARNING * * *
Okay, then.
You hit Terence but do no damage.
Terence is heavily wounded.
Terence hits you but does no damage. Space warps around you.
You die...

.... #........###. ....#
###........##.
#....######.......>..##.
.#.......... #...........
...........###.....>.#...
#.........##........###.
#.................†.....
#.........##.#..........
#......♣..##.#......###.
.#.....@).....#......# ##
........)....##......# #
#.............########
#.#########...# #.....#
#...#... #........
.........


You could see Terence.

Vanquished Creatures
  2 adders
  A worm (D:2)
  An orc (D:2)
  5 bats
  3 endoplasms (D:1)
  4 goblins
  5 hobgoblins
  A quokka (D:1)
  4 ball pythons
  4 frilled lizards
  A kobold (D:3)
  3 rats
34 creatures vanquished.

Notes
Turn   | Place    | Note
-------+----------+-------------------------------------------
     0 | D:1      | Revguard the Demigod Shapeshifter began the quest for the
                  | Orb.
     0 | D:1      | Reached XP level 1. HP: 15/15 MP: 3/3
   134 | D:1      | Reached skill level 1 in Fighting
   376 | D:1      | Reached XP level 2. HP: 23/23 MP: 4/4
   725 | D:2      | Got the Papyrus of the Modern Mystics
   879 | D:2      | Reached XP level 3. HP: 28/28 MP: 5/5
   887 | D:2      | Reached skill level 1 in Evocations
  1603 | D:3      | Noticed Terence
  1614 | D:3      | Slain by Terence

Illustrated notes

Levels and vault maps discovered:
D:1:      saegor_arrival_simple_e, layout_rooms, minivault_5
D:2:      layout_loops_ring, minmay_misc_feat_roman, minmay_misc_feat_room,
          kennysheep_pointless_box, columned_hall_lemuel
D:3:      layout_rooms, serial_shops, nicolae_shop_peninsula, uniq_natasha,
          uniq_terence

Skill      XL: |  1  2  3 |
---------------+----------+-----
Fighting       | 1 |  1.5
Dodging        | 2 |  2.2
Unarmed Combat | 3 |  3.0
Evocations     | 1 |  1.1
Shapeshifting  | 3 |  3.1

Action                     || total
---------------------------++-------
  Melee: Unarmed           ||    97
         Punch             ||     1
    Use: Scroll            ||     8
         Potion            ||     1
   Stab: Sleeping          ||     2
 Armour: Animal skin       ||    39
         Skin              ||     2
  Dodge: Dodged            ||    63

Table legend: (Time is in decaauts)
 A = Elapsed time spent in this place.
 B = Non-inter-level travel time spent in this place.
 C = Inter-level travel time spent in this place.
 D = Time resting spent in this place.
 E = Time spent auto-exploring this place.
 F = Levels seen in this place.
 G = Mean time per level.
                   A        B        C        D        E       F      G
               +--------+--------+--------+--------+--------+-----+--------+
         Total |   1607 |   1578 |     29 |    136 |   1184 |   3 |  535.7 |
       Dungeon |   1607 |   1578 |     29 |    136 |   1184 |   3 |  535.7 |
               +--------+--------+--------+--------+--------+-----+--------+

Top non-repeatable levels by time:
     D:2: 970 daAuts
     D:1: 578 daAuts
     D:3: 57 daAuts
